 Dungeon Crawl Stone Soup version 0.31-a0-978-g1e143483b6 (webtiles) character file.

Game seed: 11030800872924310740

543 Arzdou the Changeling (level 7, -1/43 HPs)
             Began as an Octopode Shapeshifter on Oct 30, 2023.
             Killed by divine providence
             ... invoked by an orc priest
              (15 damage)
             ... on level 4 of the Dungeon.
             The game lasted 00:06:19 (1866 turns).

Arzdou the Changeling (Octopode Shapeshifter)       Turns: 1866, Time: 00:06:20

Health: -1/43      AC:  8    Str: 14    XL:     7   Next: 27%
Magic:  7/7        EV: 13    Int: 12    God:
Gold:   98         SH:  5    Dex: 13    Spells: 6/6 levels left

rFire   . . .        k - +1 dagger (protect)
rCold   . . .        (no shield)
rNeg    . . .        (helmet currently unavailable)
rPois   .            f - amulet of reflection
rElec   .            (no ring)
rCorr   .            (no ring)
SInv    .            (no ring)
Will    .....        (no ring)
Stlth   +++          (no ring)
HPRegen 0.27/turn    (no ring)
MPRegen 0.10/turn    (no ring)
                     (no ring)

%: reflection
@: beast-form, under a protective aura
A: beast (slay +4), almost no armour, amphibious, 8 rings, camouflage 1,
gelatinous body 1, (nimble swimmer 1), tentacles
a: Begin Untransformation


You were on level 4 of the Dungeon.
You were a hulking beast.
You visited 1 branch of the dungeon, and saw 4 of its levels.

You collected 98 gold pieces.

Inventory:

Hand Weapons
 k - a +1 dagger of protection (weapon)
Missiles
 i - 29 stones (quivered)
Jewellery
 f - an amulet of reflection (around mantle)
Talismans
 b - a beast talisman
 c - a flux talisman
Scrolls
 d - 2 scrolls of poison
 g - a scroll of identify
 j - a scroll of teleportation
 m - a scroll of revelation {unknown}
Potions
 a - a potion of haste {unknown}
 e - a potion of cancellation
 h - a potion of lignification
 l - 3 potions of brilliance {unknown}
 n - a potion of berserk rage


   Skills:
 - Level 1.0 Fighting
 + Level 2.7 Dodging
 + Level 2.5 Stealth
 - Level 3.0 Unarmed Combat
 - Level 7.0 Shapeshifting


You had 6 spell levels left.
You didn't know any spells.
Your spell library contained the following spells:

 Spells                   Type           Power      Damage    Failure   Level
 Apportation              Tloc           0%         N/A       32%         1
 Necrotise                Necr           0%         1d4       32%         1
 Summon Small Mammal      Summ           0%         N/A       32%         1


Dungeon Overview and Level Annotations

Branches:
Dungeon (4/15)
 Temple: D:4-7

Altars:
Ashenzari
Kikubaaqudgha

Annotations:
D:3 Ijyb


Innate Abilities, Weirdness & Mutations

You are a hulking beast.
Your limbs bulge with bestial killing power. (Slay +4)
You cannot wear most types of armour.
You are amphibious.
You can wear up to eight rings at the same time.
Your skin changes colour to match your surroundings (Stealth+).
Your rubbery body absorbs attacks. (AC +1, EV +1)
((You are camouflaged when in or above water. (Stealth+)))
You have tentacles for arms and can constrict up to eight enemies at once.


Message History

The orc wizard flickers and vanishes!
Deactivating autopickup; reactivate with Ctrl-A.
You miss something. The goblin hits you with a +0 dagger. Something hits you.
You barely miss the goblin. You grab the goblin. You constrict the goblin.
You hear some strange, mumbled words.
You are confused.
The goblin barely misses you.
You barely miss the goblin. You squeeze the goblin.
You kill the goblin!
Something hits you.
The orc throws a stone.
The stone misses you.
You hit something.
Your weapon exudes an aura of protection.
Something hits you but does no damage.
You feel less confused. The orc misses you.
You hear some strange, mumbled words.
A puff of flame appears from out of thin air!
The puff of flame misses you.
You closely miss something.
The orc priest shouts!
Your squeeze misses something. You block the orc's attack.
The orc barely misses you. Something hits you.
You puncture the orc priest!
Your weapon exudes an aura of protection.
Your grab misses the orc priest.
The orc priest is heavily wounded.
Something hits you but does no damage. The orc misses you.
The orc priest invokes the aid of Beogh against you.
Beogh smites you!
You hit the orc priest. Your grab misses the orc priest.
The orc priest is almost dead.
Something hits you. The orc closely misses you.
Something hits you but does no damage. The orc priest misses you.
You barely miss the orc priest. You grab the orc priest.
The orc priest is severely wounded.
You constrict the orc priest. Something barely misses you.
The orc closely misses you.
The orc priest mumbles some strange prayers to Beogh against you.
Beogh smites you!
You die...

##.........#
#..........##
##...........##
##....#........##
##....##.........#
##....##..........##
##....###...........#
#....####...........#
....## #.......oh...#
...## #..##..).o{..##
...# ##..#######....#
..## #oS## ##...# .##
#o.# #...# ## ##..#
.>.# # #.g#######
#...# # #.........
...# # #..........
#...#


You could see an orc priest and an orc.

Vanquished Creatures
  Sigmund (D:2)
  2 ogres (D:4)
  2 orc wizards
  3 gnolls
  3 adders
  3 worms
  A dart slug (D:2)
  11 orcs
  4 ball pythons
  7 bats
  7 endoplasms
  3 giant cockroaches (D:1)
  4 goblins
  4 hobgoblins
  2 jackals (D:2)
  9 kobolds
  4 quokkas (D:1)
  5 frilled lizards
  3 rats
78 creatures vanquished.

Notes
Turn   | Place    | Note
-------+----------+-------------------------------------------
     0 | D:1      | Arzdou the Octopode Shapeshifter began the quest for the
                  | Orb.
     0 | D:1      | Reached XP level 1. HP: 13/13 MP: 1/1
   100 | D:1      | Reached XP level 2. HP: 8/18 MP: 2/2
   366 | D:1      | Reached XP level 3. HP: 23/23 MP: 3/3
   388 | D:1      | Reached skill level 4 in Shapeshifting
   571 | D:2      | Noticed Sigmund
   877 | D:2      | Reached XP level 4. HP: 28/28 MP: 4/4
   913 | D:2      | Killed Sigmund
   914 | D:2      | Reached skill level 6 in Shapeshifting
   914 | D:2      | Reached XP level 5. HP: 33/33 MP: 5/5
   914 | D:2      | Reached XP level 6. HP: 38/38 MP: 6/6
  1079 | D:2      | Found a faded altar of an unknown god.
  1556 | D:3      | Noticed Ijyb
  1621 | D:4      | Found an ancient bone altar of Kikubaaqudgha.
  1629 | D:4      | Reached skill level 7 in Shapeshifting
  1656 | D:4      | Found a broken altar of Ashenzari.
  1672 | D:4      | Reached XP level 7. HP: 43/43 MP: 7/7
  1866 | D:4      | Killed from afar by an orc priest

Illustrated notes

Levels and vault maps discovered:
D:1:      dpeg_arrival_windows_large_door, layout_loops_cross,
          minmay_tromino_v4_c
D:2:      layout_rooms, shapermc_ecumenical_altar_acropolis,
          kennysheep_cross_room, uniq_sigmund
D:3:      minmay_octagon_keep, layout_rooms,
          yredelemnul_forgotten_temple_becter, serial_aquarium,
          aquarium_bridge_square [aquarium_subvault_bridge,
          aquarium_subvault_window, aquarium_subvault_bridge,
          aquarium_subvault_wall], aquarium_bridge_square
          [aquarium_subvault_bridge, aquarium_subvault_balcony,
          aquarium_subvault_wall, aquarium_subvault_bridge], aquarium_window_2,
          aquarium_window_fake, aquarium_window_2, aquarium_window_2,
          aquarium_view_2b, serial_shops, shop, uniq_robin, uniq_ijyb
D:4:      layout_cave_pods, mainiacjoe_overflow_catch_the_wave, serial_shops,
          nicolae_shop_tiny_glass, bh_walls_and_bars

Skill      XL: |  1  2  3  4  5  6 |
---------------+-------------------+-----
Shapeshifting  | 4 6 7 |  7.0
Stealth        | 2 |  2.5
Fighting       | |  1.0
Dodging        | |  2.7
Unarmed Combat | |  3.0

Action                     |  1- 3 |  4- 6 |  7- 9 || total
---------------------------+-------+-------+-------++-------
  Melee: Unarmed           |    14 |       |       ||    14
         Constrict         |    17 |    19 |     5 ||    41
         Tentacles         |    16 |    13 |     4 ||    33
         Punch             |     2 |     2 |     1 ||     5
         Short sword       |    29 |       |       ||    29
         Dagger            |    23 |    67 |    15 ||   105
  Throw: Stone             |     6 |       |       ||     6
    Use: Scroll            |     5 |       |       ||     5
         Potion            |       |     1 |       ||     1
   Stab: Sleeping          |     7 |     2 |     1 ||    10
 Armour: Skin              |    31 |    20 |    11 ||    62
  Dodge: Dodged            |    49 |    38 |    12 ||    99
  Block: Other             |       |     2 |     2 ||     4
         Reflection        |       |       |     1 ||     1

Table legend: (Time is in decaauts)
 A = Elapsed time spent in this place.
 B = Non-inter-level travel time spent in this place.
 C = Inter-level travel time spent in this place.
 D = Time resting spent in this place.
 E = Time spent auto-exploring this place.
 F = Levels seen in this place.
 G = Mean time per level.
                   A        B        C        D        E       F      G
               +--------+--------+--------+--------+--------+-----+--------+
         Total |   1862 |   1781 |     81 |    150 |   1061 |   4 |  465.5 |
       Dungeon |   1862 |   1781 |     81 |    150 |   1061 |   4 |  465.5 |
               +--------+--------+--------+--------+--------+-----+--------+

Top non-repeatable levels by time:
     D:2: 749 daAuts
     D:1: 745 daAuts
     D:4: 300 daAuts
     D:3: 66 daAuts
